 Seeded DCSS version 0.32-a0-900-g30fb1b0edc (webtiles) character file.

Game seed: 202404059 (custom seed)

385 Orlauf the Twirler (level 6, 0/48 HPs)
             Began as a Demonspawn Gladiator on Apr 5, 2024.
             Was an Initiate of Qazlal.
             Slain by an ogre
             ... wielding a +0 giant club
              (22 damage)
             ... on level 4 of the Dungeon.
             The game lasted 00:04:24 (2866 turns).

Orlauf the Twirler (Demonspawn Gladiator)           Turns: 2866, Time: 00:04:25

Health: 0/48       AC: 12    Str: 16    XL:     6   Next: 48%
Magic:  7/7        EV: 10    Int:  8    God:    Qazlal [......]
Gold:   157        SH:  0    Dex: 15    Spells: 5/5 levels left

rFire   . . .        a - +0 quarterstaff
rCold   . . .        (shield currently unavailable)
rNeg    . . .        k - +0 ring mail
rPois   .            c - +0 helmet
rElec   .            (no cloak)
rCorr   .            (no gloves)
SInv    .            (no boots)
Will    .....        (no amulet)
Stlth   +            (no ring)
HPRegen 0.28/turn    (no ring)
MPRegen 0.10/turn

%: no passive effects
@: sanguine armoured
A: claws 2, powered by death 1, sanguine armour 1
a: Renounce Religion


You were on level 4 of the Dungeon.
You worshipped Qazlal.
Qazlal was noncommittal.
You visited 1 branch of the dungeon, and saw 4 of its levels.

You collected 157 gold pieces.

Inventory:

Hand Weapons
 a - a +0 quarterstaff (weapon)
Missiles
 e - a javelin
Armour
 c - a +0 helmet (worn)
 k - a +0 ring mail (worn)
Scrolls
 f - a scroll of amnesia
 o - a scroll of identify
Potions
 b - a potion of magic
 g - 2 potions of mutation
 h - 2 potions of cancellation
 i - a potion of berserk rage
 j - a potion of resistance
 l - a potion of invisibility
 m - a potion of heal wounds
 n - a potion of haste {unknown}


   Skills:
 + Level 4.1 Fighting
 * Level 5.5 Staves
 - Level 1.7 Throwing
 - Level 2.6 Dodging
 + Level 2.1 Invocations


You had 5 spell levels left.
You didn't know any spells.
Your spell library contained the following spells:

 Spells                   Type           Power      Damage    Failure   Level
 Stone Arrow              Conj/Erth      0%         3d7       94%         3
 Animate Armour           Summ/Erth      0%         N/A       100%        4
 Conjure Ball Lightning   Conj/Air       0%         3x3d6     100%        6
 Discord                  Hex            0%         N/A       100%        8
 Disjunction              Tloc           0%         N/A       100%        8
 Lehudib's Crystal Spear  Conj/Erth      0%         10d2      100%        8


Dungeon Overview and Level Annotations

Branches:
Dungeon (4/15)
 Temple: D:4-7

Altars:
Qazlal
Xom


Innate Abilities, Weirdness & Mutations

You have very sharp fingernails.
You regenerate a little health from kills.
When seriously injured, your blood forms armour. (AC +6)


Message History

You are too injured to fight recklessly!
You are too injured to fight recklessly!
You are too injured to fight recklessly!
You are too injured to fight recklessly!
Throw: 3 throwing nets
Press: ? - help, Q - select action, (/) - cycle Shift-Dir - straight line, f - ogre
Aim: an ogre, wielding a +0 giant club (lightly wounded, 73% to hit)
You throw a throwing net.
The throwing net barely misses the ogre.
The ogre closely misses you.
Throw: 2 throwing nets
Press: ? - help, Q - select action, (/) - cycle Shift-Dir - straight line, f/p - ogre
Aim: an ogre, wielding a +0 giant club (lightly wounded, 73% to hit)
You throw a throwing net.
The throwing net barely misses the ogre.
Unknown command.
Throw: throwing net
Press: ? - help, Q - select action, (/) - cycle Shift-Dir - straight line, f/p - ogre
Aim: an ogre, wielding a +0 giant club (lightly wounded, 73% to hit)
You throw a throwing net.
The throwing net barely misses the ogre.
The ogre barely misses you.
You barely miss the ogre.
The ogre is lightly wounded.
You hit the ogre.
The ogre is lightly wounded.
The ogre barely misses you.
You sock the ogre!
The ogre is moderately wounded.
The ogre misses you.
You barely miss the ogre.
The ogre is moderately wounded.
A kobold comes into view. It is wielding a +0 dagger.
The kobold shouts!
You hit the ogre.
The ogre is heavily wounded.
You hear a shout!
The kobold throws a stone.
The stone hits you but does no damage.
The ogre hits you with a +0 giant club!!
You die...

.#.#####.########<.
#...)...##..
#..####.##.. #..#
#..... #..# #####.
#### #..########. .
..# #...........
...K####O##
##..########
.......@..# #..#
....####..# #..# .
#..####..#
##........#
#.........#
##...###### ##.##
###


You could see an ogre and a kobold.

Vanquished Creatures
  Blork the orc (D:4)
  A jelly (D:4)
  A sleepcap (D:3)
  Natasha (thrice) (D:3)
  5 gnolls
  5 adders
  A white imp (D:4)
  3 dart slugs
  2 ribbon worms
  An orc (D:3)
  4 endoplasms
  4 giant cockroaches
  11 goblins
  4 hobgoblins
  4 jackals (D:1)
  3 quokkas
  7 ball pythons
  9 bats
  3 frilled lizards (D:1)
  8 kobolds
  5 rats
85 creatures vanquished.

Notes
Turn   | Place    | Note
-------+----------+-------------------------------------------
     0 | D:1      | Orlauf the Demonspawn Gladiator began the quest for the
                  | Orb.
     0 | D:1      | Reached XP level 1. HP: 16/16 MP: 1/1
    80 | D:1      | Reached skill level 3 in Staves
    82 | D:1      | Gained mutation: You regenerate a little health from kills.
                  | [demonic ancestry]
    82 | D:1      | Reached XP level 2. HP: 20/22 MP: 2/2
   196 | D:1      | Gained mutation: You have sharp fingernails. [demonic
                  | ancestry]
   196 | D:1      | Reached XP level 3. HP: 20/28 MP: 3/3
   629 | D:2      | Found a shimmering altar of Xom.
   791 | D:2      | Reached skill level 4 in Staves
   791 | D:2      | Gained mutation: You have very sharp fingernails. [demonic
                  | ancestry]
   791 | D:2      | Reached XP level 4. HP: 25/35 MP: 4/4
  1345 | D:3      | Noticed Natasha
  1353 | D:3      | Killed Natasha
  1354 | D:3      | Reached XP level 5. HP: 35/41 MP: 5/5
  1775 | D:3      | Found a stormy altar of Qazlal.
  1898 | D:3      | Became a worshipper of Qazlal Stormbringer
  2095 | D:3      | Noticed Natasha
  2102 | D:3      | Killed Natasha
  2103 | D:3      | Reached skill level 5 in Staves
  2206 | D:3      | Noticed Natasha
  2227 | D:3      | Killed Natasha
  2228 | D:3      | Reached skill level 1 in Invocations
  2354 | D:4      | Noticed Blork the orc
  2373 | D:4      | Gained mutation: When seriously injured, your blood forms
                  | armour. (AC +6) [demonic ancestry]
  2373 | D:4      | Reached XP level 6. HP: 31/48 MP: 5/7
  2390 | D:4      | Killed Blork the orc
  2866 | D:4      | Slain by an ogre

Illustrated notes

Levels and vault maps discovered:
D:1:      dpeg_arrival_tiny_h, layout_rooms, minmay_tetromino_o4
D:2:      layout_basic, basic_altar
D:3:      minmay_evil_eye, layout_loops_ring, lemuel_round_altar, uniq_natasha
D:4:      layout_loops_ring, nicolae_elyvilon_peaceful_grove,
          due_unseen_surprise, uniq_blork_the_orc, uniq_pikel

Skill      XL: |  1  2  3  4  5  6 |
---------------+-------------------+-----
Staves         | 3 4 5 |  5.5
Fighting       | 3 4 |  4.1
Invocations    | 1 2 |  2.1
Throwing       | |  1.7
Dodging        | |  2.6

Action                     |  1- 3 |  4- 6 || total
---------------------------+-------+-------++-------
  Melee: Quarterstaff      |   106 |   174 ||   280
  Throw: Throwing net      |       |     3 ||     3
    Use: Scroll            |     1 |     9 ||    10
 Armour: Leather armour    |   114 |    10 ||   124
         Ring mail         |       |    90 ||    90
  Dodge: Dodged            |   126 |   105 ||   231

Table legend: (Time is in decaauts)
 A = Elapsed time spent in this place.
 B = Non-inter-level travel time spent in this place.
 C = Inter-level travel time spent in this place.
 D = Time resting spent in this place.
 E = Time spent auto-exploring this place.
 F = Levels seen in this place.
 G = Mean time per level.
                   A        B        C        D        E       F      G
               +--------+--------+--------+--------+--------+-----+--------+
         Total |   2889 |   2757 |    132 |    254 |   1774 |   4 |  722.2 |
       Dungeon |   2889 |   2757 |    132 |    254 |   1774 |   4 |  722.2 |
               +--------+--------+--------+--------+--------+-----+--------+

Top non-repeatable levels by time:
     D:3: 1183 daAuts
     D:2: 694 daAuts
     D:4: 520 daAuts
     D:1: 490 daAuts
